 Dungeon Crawl Stone Soup version 0.19-a0-965-g50bf062 (webtiles) character file.

65 Gottschkopf the Magician (level 3, -2/24 HPs)
             Began as a Demonspawn Fire Elementalist on July 12, 2016.
             Slain by a gnoll
             ... wielding a +0 club
              (3 damage)
             ... on level 2 of the Dungeon.
             The game lasted 00:03:49 (1802 turns).

Gottschkopf the Magician (DsFE)                     Turns: 1802, Time: 00:03:50

Health: -2/24      AC:  8    Str: 13    XL:     3   Next: 92%
Magic:  1/8        EV:  6    Int: 17    God:
Gold:   122        SH:  0    Dex: 13    Spells: 3 memorised, 4 levels left

rFire  . . .     SeeInvis .     f - +0 dagger
rCold  . . .     Gourm    .     a - +0 robe
rNeg   . . .     Faith    .     (no shield)
rPois  .         Spirit   .     (no helmet)
rElec  .         Dismiss  .     (no cloak)
rCorr  .         Reflect  .     (no gloves)
SustAt .         Harm     .     (no boots)
MR     .....                    (no amulet)
Stlth  ++........               (no ring)
                                n - +4 ring of protection

@: mighty, held, not resistant to hostile enchantments, unstealthy
A: large bone plates 1, powered by pain 1
a: no special abilities


You were on level 2 of the Dungeon.
You were not hungry.

You visited 1 branch of the dungeon, and saw 2 of its levels.

You collected 122 gold pieces.

Inventory:

Hand Weapons
 f - a +0 dagger (weapon)
Armour
 a - a +0 robe (worn)
Jewellery
 n - a +4 ring of protection (left hand)
Scrolls
 e - a scroll of identify {unknown}
 g - a scroll of random uselessness {unknown}
 j - a scroll of remove curse {unknown}
 o - a scroll of noise {unknown}
 q - a scroll of recharging {unknown}
Potions
 d - 2 potions of agility {unknown}
 h - a potion of magic {unknown}
 k - a potion of flight {unknown}
 l - a potion of lignification {unknown}
 m - a potion of brilliance {unknown}
Books
 b - a book of Flames

   Spells                             Type                      Level
   a - Flame Tongue                   Conjuration/Fire             1
   b - Throw Flame                    Conjuration/Fire             2
   c - Conjure Flame                  Conjuration/Fire             3
   d - Inner Flame                    Hexes/Fire                   3
   e - Sticky Flame                   Conjuration/Fire             4
   f - Fireball                       Conjuration/Fire             5
Comestibles
 c - 3 bread rations
 i - a slice of pizza
 p - 2 chunks of flesh


   Skills:
 - Level 1.7 Dodging
 - Level 1.7 Stealth
 + Level 4.0 Spellcasting
 - Level 1.0 Conjurations
 - Level 2.6 Fire Magic


You had 4 spell levels left.
You knew the following spells:

 Your Spells              Type           Power        Failure   Level  Hunger
a - Flame Tongue          Conj/Fire      #....        10%         1    None
b - Throw Flame           Conj/Fire      #.....       14%         2    ##.....
c - Conjure Flame         Conj/Fire      #.......     24%         3    ###....


Dungeon Overview and Level Annotations

Branches:
Dungeon (2/15)

Altars:
Uskayaw


Innate Abilities, Weirdness & Mutations

You are partially covered in large bone plates. (AC +2, SH +2)
You sometimes gain a little power by taking damage.


Message History

* * * LOW HITPOINT WARNING * * *
Casting: Flame Tongue
Confirm with . or Enter, or press ? or * to list all spells.
Aiming: Flame Tongue
Press: ? - help, Shift-Dir - straight line, f/p - gnoll
Aim: a gnoll, wielding a club (lightly wounded)
The flame tongue hits the gnoll.
The gnoll is severely wounded.
The gnoll hits you from afar with a spear.
* * * LOW HITPOINT WARNING * * *
The gnoll closely misses you.
Casting: Flame Tongue
Confirm with . or Enter, or press ? or * to list all spells.
Aiming: Flame Tongue
Press: ? - help, Shift-Dir - straight line, f/p - gnoll
Aim: a gnoll, wielding a club (severely wounded)
The flame tongue hits the gnoll.
The gnoll is almost dead.
The gnoll hits you but does no damage. The gnoll hits you with a club.
You die...

#...# #.. #...# #.# #...###
##.# ####### ##....# #..#
#.....# #.##.## ##... #.....#
#.##..##########..). #.....#
#.###..##...........
#.....######)##......#####..#..
#..†........gg@(#..### #.##..
#.....###.####......### #.##..
#.....# #.## ######...####.....
#.....# #..########...[##..####
#.....# ##...........#...(.##
#.....# #...................##
###..## #..##................##
##..# #..##..#.......)#.##..#
##.# #..######.........###.(


You could see 2 gnolls.

Vanquished Creatures
  A gnoll (D:2)
  An adder (D:2)
  An ooze (D:1)
  2 giant geckos
  A ball python (D:2)
  7 goblins
  6 hobgoblins
  2 jackals (D:1)
  5 kobolds
  5 bats
  2 giant newts (D:1)
  5 rats
38 creatures vanquished.

Notes
Turn   | Place    | Note
-------+----------+-------------------------------------------
     0 | D:1      | Gottschkopf the Demonspawn Fire Elementalist began the quest for the Orb.
     0 | D:1      | Reached XP level 1. HP: 13/13 MP: 3/3
   215 | D:1      | Gained mutation: You sometimes gain a little power by taking damage. [demonic ancestry]
   215 | D:1      | Reached XP level 2. HP: 19/19 MP: 3/5
   505 | D:1      | Reached skill level 3 in Spellcasting
   737 | D:1      | Learned a level 2 spell: Throw Flame
   833 | D:1      | Gained mutation: You are partially covered in large bone plates. (AC +2, SH +2) [demonic ancestry]
   833 | D:1      | Reached XP level 3. HP: 2/24 MP: 0/7
  1316 | D:2      | Found a hide-covered altar of Uskayaw.
  1747 | D:2      | Learned a level 3 spell: Conjure Flame
  1798 | D:2      | Reached skill level 4 in Spellcasting
  1801 | D:2      | HP: 1/24 [gnoll/spear (4)]
  1802 | D:2      | Slain by a gnoll

Vault maps used:
D:1:      saegor_arrival_simple_b, minmay_tall_x
D:2:      overflow_temple_1_default, hangedman_decor_growths

Skill      XL: |  1  2  3 |
---------------+----------+-----
Spellcasting   | 3 4 |  4.0
Dodging        | |  1.7
Stealth        | |  1.7
Conjurations   | |  1.0
Fire Magic     | |  2.6

Action                   || total
-------------------------++-------
Melee: Unarmed           ||    31
 Cast: Flame Tongue      ||    60
  Eat: Chunk             ||     3
Armor: Robe              ||    16
Dodge: Dodged            ||    36
Block: Other             ||     1
